 Dungeon Sprint DCSS version 0.27.0-66-gdc8fb28755 (webtiles) character file.

Game seed: 10788175463099266162

146 styxcanada the Covert (level 5, 0/28 HPs)
             Began as a Spriggan Brigand on Aug 20, 2021.
             Slain by a shadow (11 damage)
             ... in the Dungeon (Sprint III: "The Ten Rune Challenge") on Aug 21, 2021.
             The game lasted 00:02:49 (263 turns).

styxcanada the Covert (Spriggan Brigand)             Turns: 263, Time: 00:02:50

Health: 0/28       AC:  3    Str:  9    XL:     5   Next: 7%
Magic:  6/6        EV: 18    Int: 13    God:
Gold:   27         SH:  0    Dex: 17    Spells: 4/4 levels left

rFire    . . .     SeeInvis +   a - +2 dagger
rCold    . . .     Faith    .   (shield restricted)
rNeg     . . .     Spirit   .   b - +0 robe
rPois    .         Reflect  .   (helmet restricted)
rElec    .         Harm     .   c - +0 cloak
rCorr    .         Rampage  .   (gloves unavailable)
Will     .....     NoTele   +   (boots unavailable)
Stlth    ++++++....             (no amulet)
HPRegen  0.09/turn              (no ring)
MPRegen  0.10/turn              (no ring)

@: very quick
A: very small, no large weapons, unfitting armour, see invisible, speed 3, fangs
1, strong 1
a: no special abilities


You were in the Dungeon.
You visited 1 branch You collected 27 gold pieces.

Inventory:

Hand Weapons
 a - a +2 dagger (weapon)
Missiles
 d - 7 poisoned darts (quivered)
 e - 2 curare-tipped darts
Armour
 b - a +0 robe (worn)
 c - a +0 cloak (worn)
Scrolls
 k - a scroll of blinking
 m - a scroll of holy word {unknown}
 p - a scroll of torment {unknown}
Potions
 f - a potion of curing
 g - a potion of heal wounds
 h - 2 potions of haste
 i - 2 potions of magic
 l - 2 potions of mutation
 o - 2 potions of resistance
 q - 3 potions of flight {unknown}


   Skills:
 * Level 2.9 Fighting
 + Level 3.6 Short Blades
 + Level 3.4 Throwing
 * Level 3.8 Dodging
 * Level 13.5 Stealth


You had 4 spell levels left.
You didn't know any spells.
Your spell library was empty.

Dungeon Overview and Level Annotations

Branches:
Dungeon (1/1)

Altars:


Innate Abilities, Weirdness & Mutations

You are very small and have problems with some larger weapons.
You are too small for most types of armour.
You have supernaturally acute eyesight. (SInv)
You cover ground extremely quickly. (Speed+++)
You have very sharp teeth.
Your muscles are strong. (Str +2)


Message History

There is a fountain of clear blue water here.
You feel your anger nearly subside.
You are no longer berserk.
You are exhausted.
You feel yourself slow down.
You start resting.
You feel yourself speed up.
You start resting.
HP restored.
You open the door.
A jelly comes into view.
A shadow comes into view.
There is an open door here.
The shadow closely misses you.
You hit the shadow.
The shadow is lightly damaged.
The shadow hits you!
The shadow slips into darkness.
The shadow flickers and vanishes for a moment.
The helpless jelly fails to defend itself.
You spit the jelly like a pig!!!!
You kill the jelly!
Your Stealth skill increases to level 13!
You have reached level 5!
You feel clever.
You hit the shadow but do no damage. Your bite misses the shadow.
The shadow is lightly damaged.
You recover from your berserk rage.
The shadow closely misses you.
You hit the shadow.
The shadow is moderately damaged.
The shadow hits you.
You closely miss the shadow.
The shadow is moderately damaged.
The shadow hits you.
You hit the shadow but do no damage. You bite the shadow, but do no damage.
The shadow is moderately damaged.
You barely miss the shadow.
The shadow is moderately damaged.
The shadow hits you!
You die...

#..#..#
#..#..###+#+###+##
##'#..#..........#
###.†.'.⌠........#
###...#...######'#
##....#.⌠.# #...#
#.....#...# #...#
......#+### #..W#
#..†..# #..@+
##....# +...#
▓▓▓▓▓▓ ▓▓▓▓▓


You could see a shadow.

Vanquished Creatures
  A water elemental (D)
  A jelly (D)
  Jessica (D)
  A human (D)
  A wolf (D)
  An endoplasm (D)
  A rat (D)
7 creatures vanquished.

Vanquished Creatures (others)
  7 plants (D)
7 creatures vanquished.

Grand Total: 14 creatures vanquished

Notes
Turn   | Place    | Note
-------+----------+-------------------------------------------
     0 | D        | styxcanada the Spriggan Brigand began the quest for the
                  | Orb.
     0 | D        | Reached XP level 1. HP: 10/10 MP: 2/2
    10 | D        | Reached skill level 6 in Stealth
    12 | D        | Reached skill level 7 in Stealth
    24 | D        | Noticed Jessica
    41 | D        | Killed Jessica
    42 | D        | Reached skill level 9 in Stealth
    42 | D        | Reached XP level 2. HP: 14/15 MP: 3/3
   178 | D        | Reached skill level 10 in Stealth
   178 | D        | Reached XP level 3. HP: 18/18 MP: 4/4
   182 | D        | Reached skill level 11 in Stealth
   195 | D        | Gained mutation: Your muscles are strong. (Str +2) [potion
                  | of mutation]
   195 | D        | Gained mutation: You have very sharp teeth. [potion of
                  | mutation]
   201 | D        | Noticed a water elemental
   206 | D        | Killed a water elemental
   207 | D        | Reached skill level 12 in Stealth
   207 | D        | Reached XP level 4. HP: 23/23 MP: 5/5
   252 | D        | Noticed a shadow
   259 | D        | Reached skill level 13 in Stealth
   259 | D        | Reached XP level 5. HP: 16/28 MP: 6/6
   263 | D        | Slain by a shadow

Illustrated notes

Levels and vault maps discovered:
D:        dungeon_sprint_mu [sprint_mu_entry_cave, sprint_mu_temple_rooms,
          sprint_mu_d1_horrors, sprint_mu_d2_genie, sprint_mu_d3_branching,
          sprint_mu_orc_legion, sprint_mu_elf_gauntlet, sprint_mu_hive_nellie,
          sprint_mu_lair_fedhas, sprint_mu_vaults_butterflies,
          sprint_mu_slime_circle, sprint_mu_swamp_cave, sprint_mu_shoals_archi,
          sprint_mu_blade_basic, sprint_mu_crypt_fortress,
          sprint_mu_tomb_spiral, sprint_mu_vestibule_basic,
          sprint_mu_gehenna_hellfire, sprint_mu_dis_giant,
          sprint_mu_tartarus_statrot, sprint_mu_cocytus_islands, sprint_mu_zot1]

Skill      XL: |  1  2  3  4 |
---------------+-------------+-----
Stealth        | 9 10 12 13 | 13.5
Fighting       | 2 |  2.9
Short Blades   | 3 |  3.6
Dodging        | 2 3 |  3.8
Throwing       | 3 |  3.4

Action                   |  1- 3 |  4- 6 || total
-------------------------+-------+-------++-------
Melee: Dagger            |     8 |     7 ||    15
       Bite              |     2 |     1 ||     3
Throw: Dart              |     7 |       ||     7
  Use: Scroll            |     2 |       ||     2
       Potion            |     2 |       ||     2
 Stab: Sleeping          |     4 |     1 ||     5
Dodge: Dodged            |     1 |     2 ||     3
